Map: [ESL] Amphion

Players

Lambo

  • Race: Zerg Zerg
  • Spawn Location: 7:00

MaNa - Winner!

  • Race: Protoss Protoss
  • Spawn Location: 11:00

Event: ESL SC2 Masters 2024 Spring (Regional)

VOD

Have the link to the VOD?

Description

Time

  • Played on: April 27, 2024, 10:49 a.m.
  • Length: 11:29

All games in this series

Show
View Real Time Build Order
Export as new Build Order

Lambo Zerg 

Build Orders: Hatch First, Roach Hydra, Swarm Host 

Get SALT Encoding   

  12  0:00  Drone  
  13  0:12  Overlord  
  13  0:17  Drone  
  14  0:32  Drone x2  
  16  0:50  Hatchery  
  16  0:53  Drone  
  16  0:56  Drone  
  17  1:00  Drone  
  18  1:10  Extractor  
  17  1:15  Spawning Pool  
  16  1:19  Drone  
  16  1:22  Drone  
  18  1:29  Drone  
  19  1:39  Drone  
  20  1:49  Drone  
  21  2:01  Queen  
  21  2:02  Queen  
  21  2:03  Drone  
  21  2:06  Zergling x2  
  27  2:11  Metabolic Boost  
  27  2:13  Zergling x2  
  28  2:16  Overlord  
  28  2:33  Hatchery  
  28  2:36  Drone  
  28  2:42  Drone x2  
  30  2:44  Overlord  
  30  2:49  Drone  
  31  2:56  Queen  
  31  2:58  Drone  
  34  3:01  Overlord  
  34  3:05  Zergling x2  
  35  3:09  Drone  
  35  3:12  Zergling x2  
  37  3:19  Zergling x2  
  38  3:20  Queen  
  38  3:24  Drone x3  
  38  3:26  Drone  
  44  3:28  Drone  
  44  3:31  Overlord  
  45  3:35  Drone  
  45  3:39  Queen  
  48  3:41  Drone  
  48  3:46  Drone x2  
  51  3:50  Overlord  
  51  3:51  Drone  
  51  3:52  Drone  
  51  3:55  Spore Crawler  
  52  4:02  Drone x2  
  54  4:04  Drone  
  54  4:05  Spore Crawler  
  53  4:11  Drone x4  
  53  4:15  Drone  
  57  4:19  Queen  
  57  4:21  Drone  
  57  4:22  Drone  
  61  4:25  Drone  
  61  4:27  Drone x2  
  61  4:30  Drone  
  61  4:31  Drone  
  66  4:36  Overlord  
  66  4:37  Overlord  
  66  4:42  Roach Warren  
  66  4:44  Drone  
  66  4:51  Extractor x2  
  66  4:52  Lair  
  63  4:53  Drone x2  
  63  4:56  Drone x4  
  69  5:00  Drone x3  
  69  5:04  Overlord  
  69  5:05  Spore Crawler  
  71  5:09  Drone x2  
  71  5:12  Overlord  
  71  5:13  Extractor  
  71  5:14  Drone x3  
  75  5:17  Zergling x4  
  77  5:22  Zergling x4  
  77  5:25  Extractor  
  77  5:26  Roach x4  
  77  5:27  Drone  
  87  5:32  Evolution Chamber  
  86  5:42  Drone x4  
  84  5:44  Drone x3  
  84  5:48  Drone x3  
  84  5:49  Extractor  
  87  5:52  Infestation Pit, Glial Reconstitution  
  87  5:54  Drone  
  87  5:55  Drone  
  88  5:58  Drone  
  88  5:59  Drone  
  88  6:03  Overlord x2  
  90  6:11  Overlord  
  90  6:13  Overlord  
  90  6:15  Overlord  
  90  6:18  Overlord  
  90  6:22  Roach x6  
  102  6:26  Roach  
  103  6:35  Roach x2  
  103  6:38  Nydus Network  
  103  6:55  Drone x2  
  103  6:59  Overseer, Swarm Host x9  
  132  7:04  Spore Crawler  
  132  7:08  Hatchery  
  132  7:10  Overseer, Zerg Missile Weapons Level 1  
  132  7:15  Overlord  
  131  7:16  Overlord x3  
  131  7:17  Nydus Canal, Queen x2  
  131  7:21  Overlord  
  135  7:24  Overlord  
  135  7:25  Roach  
  135  7:26  Overlord  
  135  7:29  Overlord  
  137  7:34  Nydus Canal  
  137  7:36  Swarm Host x3  
  146  7:43  Roach x5  
  156  7:45  Queen  
  158  7:52  Nydus Canal  
  158  7:54  Swarm Host x2  
  158  7:58  Drone x4  
  168  8:05  Roach x2, Hydralisk Den  
  171  8:06  Drone  
  171  8:07  Extractor, Drone x2  
  171  8:10  Spine Crawler  
  172  8:13  Nydus Canal  
  172  8:16  Drone  
  172  8:18  Roach x2  
  176  8:24  Overlord  
  176  8:28  Nydus Canal  
  176  8:29  Ravager, Extractor, Drone  
  176  8:30  Drone  
  178  8:34  Spore Crawler  
  178  8:40  Drone x8  
  181  8:47  Roach  
  181  8:48  Roach x4  
  191  8:50  Lurker Den, Hive  
  190  8:56  Nydus Canal  
  190  9:03  Spine Crawler x2  
  190  9:04  Ravager x3  
  190  9:05  Spine Crawler x2  
  190  9:09  Grooved Spines  
  188  9:12  Overlord  
  188  9:17  Hydralisk  
  188  9:18  Hydralisk x2  
  186  9:38  Hydralisk x6, Hatchery  
  186  9:43  Overseer, Overlord  
  186  9:45  Drone x3  
  200  9:52  Nydus Canal  
  200  9:57  Hydralisk x2  
  200  9:59  Muscular Augments  
  194  10:09  Spine Crawler x2  
  192  10:15  Hydralisk x4  
  200  10:34  Hydralisk x6  
  199  10:36  Roach, Zergling x2  
  199  10:42  Roach x6  
  199  10:49  Hydralisk x4  
  175  10:56  Ravager  
  150  10:57  Ravager x2  
  150  10:58  Drone  
  143  11:07  Ravager  
Show
View Real Time Build Order
Export as new Build Order

MaNa Protoss - Winner!

Build Orders: 1 Gate Expand, Oracle Opening, Archon Immortal, Archon Drop 

Get SALT Encoding   

  12  0:00  Probe  
  13  0:12  Probe  
  14  0:23  Pylon  
  14  0:24  Probe  
  15  0:41  Probe (Chrono Boost)  
  16  0:47  Gateway  
  17  0:50  Probe (Chrono Boost)  
  17  0:53  Assimilator  
  17  0:55  Probe (Chrono Boost)  
  18  1:07  Probe (Chrono Boost)  
  19  1:14  Probe (Chrono Boost)  
  20  1:21  Probe  
  21  1:33  Nexus  
  21  1:44  Cybernetics Core  
  21  1:46  Probe  
  22  1:52  Assimilator  
  22  1:59  Pylon  
  23  2:01  Probe  
  23  2:17  Probe (Chrono Boost)  
  23  2:20  Stargate  
  23  2:22  Adept (Chrono Boost)  
  26  2:29  Probe (Chrono Boost)  
  22  2:30  Warp Gate  
  27  2:34  Probe (Chrono Boost)  
  28  2:43  Probe  
  29  2:46  Probe  
  29  2:49  Stalker (Chrono Boost)  
  32  2:55  Probe  
  32  2:58  Probe  
  33  3:06  Oracle (Chrono Boost)  
  33  3:08  Probe  
  33  3:11  Probe  
  38  3:20  Probe  
  38  3:23  Probe  
  40  3:28  Gateway  
  40  3:32  Probe  
  40  3:34  Robotics Facility  
  41  3:35  Probe  
  42  3:44  Probe  
  42  3:47  Probe  
  42  3:48  Assimilator, Twilight Council  
  44  3:50  Assimilator  
  44  3:56  Probe  
  44  3:59  Probe  
  44  4:01  Pylon  
  46  4:17  Gateway  
  46  4:18  Warp Prism (Chrono Boost)  
  46  4:19  Probe x2, Gateway  
  50  4:25  Templar Archives  
  52  4:31  Probe x2  
  52  4:35  Pylon  
  52  4:38  Zealot  
  54  4:47  Pylon  
  54  4:57  Nexus  
  54  5:03  Probe x2  
  56  5:10  High Templar x2  
  56  5:12  High Templar  
  56  5:13  High Templar  
  64  5:15  Probe x2  
  64  5:16  Archon  
  64  5:17  Observer (Chrono Boost), Archon  
  64  5:18  Pylon  
  67  5:21  Forge  
  67  5:27  Probe x2  
  69  5:35  Immortal (Chrono Boost)  
  73  5:43  Protoss Ground Weapons Level 1  
  73  5:46  Probe x2  
  75  5:57  Robotics Facility  
  75  5:58  Zealot, Probe  
  78  6:08  Immortal, Probe  
  78  6:10  Probe x2  
  85  6:12  Shield Battery  
  85  6:20  Probe  
  85  6:21  Psionic Storm  
  85  6:22  Probe x2  
  88  6:32  Probe  
  89  6:34  Probe  
  89  6:37  Pylon  
  90  6:40  Pylon  
  90  6:54  Probe x2  
  90  6:56  High Templar x2  
  90  6:58  Assimilator  
  100  7:01  Pylon  
  100  7:02  Assimilator, Immortal (Chrono Boost)  
  100  7:05  Immortal (Chrono Boost)  
  104  7:11  Probe  
  105  7:15  Charge (Chrono Boost)  
  105  7:16  Gateway  
  105  7:18  Gateway  
  105  7:19  Gateway  
  105  7:20  Probe  
  105  7:21  Gateway  
  105  7:22  Pylon  
  106  7:34  Zealot x4  
  114  7:41  Shield Battery  
  114  7:45  Probe x3  
  117  7:53  Archon  
  117  7:59  Immortal  
  117  8:00  Immortal  
  117  8:02  Protoss Ground Weapons Level 2 (Chrono Boost)  
  125  8:08  Pylon  
  125  8:18  Shield Battery  
  123  8:20  Shield Battery  
  123  8:22  High Templar  
  123  8:23  Pylon  
  123  8:25  Photon Cannon  
  123  8:27  Photon Cannon  
  129  8:29  High Templar x2  
  129  8:32  Void Ray  
  133  8:51  High Templar x4  
  135  8:56  Nexus  
  135  9:08  Pylon  
  135  9:09  Pylon  
  135  9:10  Pylon  
  129  9:30  High Templar x2  
  129  9:31  Zealot x6  
  144  9:51  Pylon  
  144  9:52  Pylon  
  144  9:53  Pylon  
  144  9:55  Pylon  
  144  10:02  Nexus  
  136  10:09  High Templar x4  
  136  10:10  Zealot x4  
  136  10:13  Archon x2  
  148  10:22  Pylon  
  144  10:37  Zealot x4  
  140  10:46  Zealot x4  
  140  10:47  Immortal  
  140  10:49  Archon  
  139  11:02  Archon  
  121  11:21  Zealot x8  
Tags
 
Add a new tag
Caveats
  • Supply blocks, unpowered buildings, or Contaminate may cause inaccurate times.
  • Supply counts are checked every 10 seconds.